 Dungeon Sprint DCSS version 0.27-a0-978-g2aa4ecdaef (webtiles) character file.

Game seed: 9156703101625378043

2263 mhtbhm the Earth Mage (level 9, -6/48 HPs)
             Began as a Gargoyle Earth Elementalist on Apr 14, 2021.
             Was a Priest of Vehumet.
             Mangled by a boulder beetle (48 damage)
             ... in the Dungeon (Sprint IX: "|||||||||||||||||||||||||||||").
             The game lasted 00:03:34 (1424 turns).

mhtbhm the Earth Mage (Gargoyle Earth Elementalist) Turns: 1424, Time: 00:03:36

Health: -6/48      AC: 10    Str: 13    XL:     9   Next: 38%
Magic:  0/25       EV: 14    Int: 21    God:    Vehumet [***...]
Gold:   0          SH:  0    Dex: 10    Spells: 18/33 levels left

rFire    . . .     SeeInvis .   a - +2 dire flail (vorpal)
rCold    . . .     Faith    .   (shield currently unavailable)
rNeg     + . .     Spirit   .   c - +0 robe
rPois    ∞         Reflect  .   (no helmet)
rElec    +         Harm     .   n - +0 cloak
rCorr    .         Rampage  .   (no gloves)
Will     .....     NoTele   +   m - +0 pair of boots
Stlth    +++.......             (no amulet)
HPRegen  0.16/turn              p - +2 ring of evasion
MPRegen  0.19/turn              o - +3 ring of intelligence

@: no status effects
A: AC +6, negative energy resistance 1, electricity resistance, torment
resistance 1, unbreathing 1, petrification resistance
a: Renounce Religion


You were in the Dungeon.
You worshipped Vehumet.
Vehumet was most pleased with you.
You visited 1 branch

Inventory:

Hand Weapons
 a - a +2 vorpal dire flail (weapon)
Missiles
 b - 7 stones
Armour
 c - a +0 robe (worn)
 m - a +0 pair of boots (worn)
 n - a +0 cloak (worn)
Jewellery
 o - a +3 ring of intelligence (right hand)
 p - a +2 ring of evasion (left hand)
Wands
 k - a wand of iceblast (10)
Scrolls
 i - a scroll of blinking
 j - 2 scrolls of amnesia
Potions
 d - 5 potions of curing
 e - 2 potions of heal wounds
 f - a potion of haste
 g - 3 potions of magic
 h - a potion of berserk rage
 l - a potion of invisibility


   Skills:
 + Level 2.0 Fighting
 + Level 2.9 Maces & Flails
 + Level 3.0 Dodging
 - Level 5.5 Stealth
 + Level 12.6 Spellcasting
 + Level 2.3 Conjurations
 + Level 1.8 Transmutations
 + Level 15.9 Earth Magic


You had 18 spell levels left.
You knew the following spells:

 Your Spells              Type           Power      Damage    Failure   Level
a - Sandblast             Erth           100%       2d20      0%          1
b - Passwall              Tmut/Erth      41%        N/A       1%          2
c - Stone Arrow           Conj/Erth      100%       3d13      1%          3
d - Lee's Rapid Deconstr  Erth           34%        3d18*     1%          5
e - Petrify               Tmut/Erth      50%        N/A       1%          4

Your spell library contained the following spells:

 Spells                   Type           Power      Damage    Failure   Level
 Static Discharge         Conj/Air       18%        N/A       1%          2


Dungeon Overview and Level Annotations

Branches:
Dungeon (1/1)

Altars:
Cheibriados
Dithmenos
Elyvilon
Fedhas
Gozag
Hepliaklqana
Kikubaaqudgha
Makhleb
Nemelex Xobeh
Okawaru
Qazlal
Ru
Sif Muna
Trog
Uskayaw
Vehumet
Wu Jian
Xom
Yredelemnul
Zin
The Shining One
Beogh
Jiyva
Lugonu


Innate Abilities, Weirdness & Mutations

Your stone body is resilient. (AC +6)
You are immune to poison.
You resist negative energy. (rN+)
You are resistant to electric shocks. (rElec)
You are resistant to unholy torment.
You can survive without breathing.
You are immune to petrification.


Message History

The boulder beetle is severely wounded.
The helpless boulder beetle fails to defend itself.
You hit the boulder beetle.
The boulder beetle is severely wounded.
The helpless boulder beetle fails to defend itself.
You hit the boulder beetle but do no damage.
The boulder beetle is severely wounded.
The helpless boulder beetle fails to defend itself.
You hit the boulder beetle but do no damage.
The boulder beetle is severely wounded.
The helpless boulder beetle fails to defend itself.
You hit the boulder beetle but do no damage.
The boulder beetle is severely wounded.
The boulder beetle is no longer petrified.
The boulder beetle hits you!
The boulder beetle stops rolling and uncurls.
You hit the boulder beetle.
The boulder beetle is severely wounded.
The boulder beetle leaps!
The boulder beetle curls into a ball and begins rolling!
Items here: ))))).
Unknown command.
Casting: Lee's Rapid Deconstruction (safe; 1% risk of failure)
Confirm with . or Enter, or press ? or * to list all spells.
Aiming: Stone Arrow (safe; 1% risk of failure)
Press: ? - help, Shift-Dir - straight line, f/p - boulder beetle
Aim: a boulder beetle (severely wounded, rolling, 0% to evade)
The stone arrow hits the boulder beetle!!
The boulder beetle is almost dead.
Unknown command.
Casting: Stone Arrow (safe; 1% risk of failure)
Confirm with . or Enter, or press ? or * to list all spells.
Aiming: Sandblast (safe; 0% risk of failure)
Press: ? - help, Shift-Dir - straight line, f/p - boulder beetle
Aim: a boulder beetle (almost dead, rolling, 0% to evade)
The blast of sand hits the boulder beetle but does no damage.
The boulder beetle is almost dead.
The boulder beetle hits you!!!
Ouch! That really hurt!
You die... ▓▓▓▓▓▓▓▓▓▓▓▓▓▓▓▓▓▓▓▓▓▓▓▓▓▓▓▓▓▓▓▓▓ J○'.....W'..°°○B@..÷_____________ ▓▓▓▓▓▓▓▓▓▓▓▓▓▓▓▓▓▓▓▓▓▓▓▓▓▓▓▓▓▓▓▓▓

You could see a boulder beetle (rolling).

Vanquished Creatures
  A two-headed ogre (D)
  An ugly thing (D)
  A cyclops (D)
  A slime creature (D)
  2 shadows (D)
  An orc warrior (D)
  2 centaurs (D)
  A gnoll sergeant (D)
  A scorpion (D)
  2 adders (D)
  An orc (D)
  A bat skeleton (D)
  An endoplasm (D)
  A jackal (D)
  A ball python zombie (D)
  A bat (D)
  A frilled lizard (D)
  A rat (D)
21 creatures vanquished.

Notes
Turn   | Place    | Note
-------+----------+-------------------------------------------
     0 | D        | mhtbhm the Gargoyle Earth Elementalist began the quest for
                  | the Orb.
     0 | D        | Reached XP level 1. HP: 10/10 MP: 3/3
     5 | D        | Reached skill level 4 in Earth Magic
   273 | D        | Noticed a scorpion
   277 | D        | Reached skill level 5 in Earth Magic
   277 | D        | Reached XP level 2. HP: 15/15 MP: 0/5
   282 | D        | Reached skill level 6 in Earth Magic
   282 | D        | Reached XP level 3. HP: 19/19 MP: 2/7
   287 | D        | Killed a scorpion
   288 | D        | Reached skill level 1 in Transmutations
   288 | D        | Reached skill level 8 in Earth Magic
   288 | D        | Reached XP level 4. HP: 16/24 MP: 0/10
   297 | D        | Found a snail-covered altar of Cheibriados.
   297 | D        | Found a shadowy altar of Dithmenos.
   297 | D        | Found a white marble altar of Elyvilon.
   297 | D        | Found a blossoming altar of Fedhas.
   297 | D        | Found an opulent altar of Gozag.
   298 | D        | Found a hazy altar of Hepliaklqana.
   299 | D        | Found a viscous altar of Jiyva.
   300 | D        | Found an ancient bone altar of Kikubaaqudgha.
   301 | D        | Found a corrupted altar of Lugonu.
   302 | D        | Found a burning altar of Makhleb.
   303 | D        | Found a sparkling altar of Nemelex Xobeh.
   304 | D        | Found an iron altar of Okawaru.
   305 | D        | Found a stormy altar of Qazlal.
   306 | D        | Found a sacrificial altar of Ru.
   307 | D        | Found a shimmering blue altar of Sif Muna.
   308 | D        | Found a bloodstained altar of Trog.
   309 | D        | Found a hide-covered altar of Uskayaw.
   310 | D        | Found a radiant altar of Vehumet.
   311 | D        | Found an ornate altar of the Wu Jian Council.
   312 | D        | Found a shimmering altar of Xom.
   313 | D        | Found a basalt altar of Yredelemnul.
   314 | D        | Found a glowing silver altar of Zin.
   315 | D        | Found a glowing golden altar of the Shining One.
   318 | D        | Became a worshipper of Vehumet
   363 | D        | Learned a level 2 spell: Passwall
   367 | D        | Learned a level 3 spell: Stone Arrow
   381 | D        | Noticed a shadow
   381 | D        | Noticed an orc warrior
   381 | D        | Noticed a centaur
   381 | D        | Noticed a gnoll sergeant
   381 | D        | Noticed a two-headed ogre
   425 | D        | Killed a gnoll sergeant
   426 | D        | Reached skill level 5 in Spellcasting
   426 | D        | Reached skill level 9 in Earth Magic
   426 | D        | Reached XP level 5. HP: 19/28 MP: 5/12
   428 | D        | Killed a centaur
   429 | D        | Reached skill level 5 in Stealth
   429 | D        | Reached skill level 10 in Earth Magic
   429 | D        | Reached XP level 6. HP: 22/32 MP: 4/15
   438 | D        | Killed an orc warrior
   438 | D        | Reached * piety under Vehumet
   438 | D        | Offered knowledge of Freeze by Vehumet.
   439 | D        | Reached skill level 1 in Maces & Flails
   439 | D        | Reached skill level 1 in Conjurations
   439 | D        | Reached skill level 11 in Earth Magic
   537 | D        | Learned a level 5 spell: Lee's Rapid Deconstruction
   542 | D        | Learned a level 4 spell: Petrify
   566 | D        | Killed a two-headed ogre
   567 | D        | Reached skill level 1 in Fighting
   567 | D        | Reached skill level 10 in Spellcasting
   567 | D        | Reached skill level 13 in Earth Magic
   567 | D        | Reached XP level 7. HP: 38/38 MP: 1/20
   567 | D        | Reached XP level 8. HP: 43/43 MP: 1/22
   885 | D        | Killed a shadow
   885 | D        | Reached ** piety under Vehumet
   886 | D        | Reached skill level 14 in Earth Magic
   940 | D        | Noticed a shadow
   940 | D        | Noticed a cyclops
   940 | D        | Noticed a brown ugly thing
   940 | D        | Noticed a slime creature
   940 | D        | Noticed a boulder beetle
  1059 | D        | Killed a brown ugly thing
  1059 | D        | Offered knowledge of Shock by Vehumet.
  1100 | D        | Killed a slime creature
  1101 | D        | Reached skill level 15 in Earth Magic
  1101 | D        | Reached XP level 9. HP: 27/48 MP: 11/24
  1160 | D        | Killed a cyclops
  1273 | D        | Offered knowledge of Static Discharge by Vehumet.
  1273 | D        | Reached *** piety under Vehumet
  1424 | D        | Mangled by a boulder beetle

Illustrated notes

Levels and vault maps discovered:
D:        linesprint [early_d, line_temple, items_1, d_10, items_2, lair_1,
          lair_end, items_3, orc_1, orc_end, items_4, d_15, swamp_1, shoals_1,
          snake_1, spider_1, d_20, vaults_1, items_5, swamp_end, shoals_end,
          snake_end, spider_end, vaults_end, d_27, items_6, zot_1, zot_end,
          crypt_end, forest_end, elf_end, slime_end, tomb_end, abyss_end,
          pan_hell_end]

Skill      XL: |  1  2  3  4  5  6  7  8  9 |
---------------+----------------------------+-----
Earth Magic    | 5 6 8 9 10 13 15 | 15.9
Stealth        | 3 4 5 |  5.5
Spellcasting   | 3 4 5 6 10 11 12 | 12.6
Dodging        | 2 3 |  3.0
Transmutations | 1 |  1.8
Maces & Flails | 2 |  2.9
Conjurations   | 2 |  2.3
Fighting       | 1 2 |  2.0

Action                   |  1- 3 |  4- 6 |  7- 9 || total
-------------------------+-------+-------+-------++-------
Melee: Dire flail        |       |     2 |     8 ||    10
 Cast: Sandblast         |    13 |     5 |     5 ||    23
       Stone Arrow       |       |     2 |     3 ||     5
       Lee's Rapid Decon |       |     3 |    12 ||    15
       Petrify           |       |       |     4 ||     4
  Use: Potion            |     2 |       |       ||     2
       Scroll            |       |       |     1 ||     1
 Stab: Petrified         |       |       |     7 ||     7
Armor: Robe              |       |     2 |     2 ||     4
Dodge: Dodged            |     5 |     5 |       ||    10

Table legend: (Time is in decaauts)
 A = Elapsed time spent in this place.
 B = Non-inter-level travel time spent in this place.
 C = Inter-level travel time spent in this place.
 D = Time resting spent in this place.
 E = Time spent auto-exploring this place.
 F = Levels seen in this place.
 G = Mean time per level.
                   A        B        C        D        E       F      G
               +--------+--------+--------+--------+--------+-----+--------+
         Total |   1424 |   1424 |      0 |   1038 |     80 |   1 | 1424.0 |
       Dungeon |   1424 |   1424 |      0 |   1038 |     80 |   1 | 1424.0 |
               +--------+--------+--------+--------+--------+-----+--------+

Top non-repeatable levels by time:
       D: 1424 daAuts
